 Dungeon Crawl Stone Soup version 0.22.1-2-g9c5b331 (webtiles) character file.

19175 Gearfox the Severer (level 12, 0/112 HPs)
             Began as a Hill Orc Fighter on Dec 6, 2018.
             Was a Priest of Makhleb.
             Hit by a javelin of penetration thrown by a minotaur (25 damage)
             ... in a labyrinth.
             The game lasted 00:58:32 (17571 turns).

Gearfox the Severer (Hill Orc Fighter)             Turns: 17571, Time: 00:58:33

Health: 0/112      AC: 13    Str: 24    XL:     12   Next: 66%
Magic:  16/16      EV:  9    Int: 12    God:    Makhleb [***...]
Gold:   919        SH: 18    Dex: 10    Spells: 11/11 levels left

rFire    . . .     SeeInvis .   e - +1 war axe of Fragile Peace {venom, Int+4}
rCold    . . .     Gourm    .   c - +2 shield
rNeg     . . .     Faith    .   b - +0 scale mail
rPois    .         Spirit   .   (no helmet)
rElec    .         Reflect  +   g - +2 cloak
rCorr    +         Harm     .   (no gloves)
MR       ++...                  l - +0 pair of boots
Stlth    ..........             N - +4 amulet of reflection
HPRegen  0.28/turn              C - ring of protection from magic
MPRegen  0.15/turn              v - ring of resist corrosion

@: drained
A: icy blue scales 1, magic resistance 1
a: Minor Destruction, Lesser Servant of Makhleb, Renounce Religion


You were in a labyrinth.
You worshipped Makhleb.
Makhleb was most pleased with you.
You were not hungry.

You visited 3 branches of the dungeon, and saw 15 of its levels.
You also visited: Labyrinth.

You collected 919 gold pieces.

Inventory:

Hand Weapons
 a - a +2 war axe
 e - the +1 war axe of Fragile Peace (weapon) {venom, Int+4}
   (You found it on level 9 of the Dungeon)

   It poisons the flesh of those it strikes.
   It affects your intelligence (+4).
 r - the cursed +3 long sword "Weni Ora" {speed, Fragile +Blink rElec rF- rC+++}
   (You found it on level 4 of the Dungeon)

   Attacks with this weapon are significantly faster.
   It makes you vulnerable to fire.
   It renders you almost immune to cold.
   It insulates you from electricity.
   It lets you blink.
   It will be destroyed if unequipped.
   It has a curse placed upon it.
 s - the +0 hand axe of Extremism {flame, *Contam Str+5 Int+5}
   (You found it on level 4 of the Dungeon)

   It has been specially enchanted to burn those struck by it, causing extra
   injury to most foes and up to half again as much damage against particularly
   susceptible opponents.
   Big, fiery blades are also staple armaments of hydra-hunters.
   It affects your strength (+5).
   It affects your intelligence (+5).
   It causes magical contamination when unequipped.
Armour
 b - a +0 scale mail (worn)
 c - a +2 shield (worn)
 g - a +2 cloak (worn)
 l - a +0 pair of boots (worn)
Jewellery
 i - an uncursed amulet of magic regeneration
 k - an uncursed ring of ice
 n - an uncursed ring of protection from cold
 o - an uncursed amulet of the acrobat
 q - an uncursed amulet of regeneration
 v - a ring of resist corrosion (right hand)
 C - a ring of protection from magic (left hand)
 I - an uncursed amulet of faith
 K - an uncursed ring of protection from magic
 N - a +4 amulet of reflection (around neck)
 O - an uncursed amulet of guardian spirit
Wands
 j - a wand of disintegration (5)
 p - a wand of flame (80)
 z - a wand of polymorph (25)
 A - a wand of enslavement (14)
 E - a wand of digging (9)
 G - a wand of iceblast (5)
Scrolls
 t - 2 scrolls of enchant weapon
 u - 2 scrolls of magic mapping
 x - 3 scrolls of fear
 y - 4 scrolls of remove curse
 F - 4 scrolls of teleportation
 H - 2 scrolls of amnesia
 P - a scroll of summoning
 Q - a scroll of blinking
Potions
 d - a potion of curing
 h - a potion of magic {unknown}
 m - a potion of brilliance {unknown}
 w - 3 potions of heal wounds
 B - a potion of haste
 D - a potion of mutation
 L - a potion of berserk rage {unknown}
 M - 2 potions of agility {unknown}
Comestibles
 f - 6 rations


   Skills:
 * Level 12.0(11.0) Fighting
 - Level 0.4(0.0) Long Blades
 - Level 16.0(14.8) Axes
 - Level 6.0(5.1) Armour
 - Level 12.0(10.9) Shields
 - Level 6.4(5.4) Invocations
 - Level 0.4(0.0) Evocations


You had 11 spell levels left.
You didn't know any spells.
Your spell library contained the following spells:

 Spells                   Type           Power        Failure   Level  Hunger
 Confusing Touch          Hex            #.....       78%         1    ##.....
 Magic Dart               Conj           #...         78%         1    ##.....
 Summon Small Mammal      Summ           #...         78%         1    ##.....
 Blink                    Tloc           N/A          89%         2    ###....
 Call Imp                 Summ           #.......     89%         2    ###....
 Slow                     Hex            #.......     89%         2    ###....
 Call Canine Familiar     Summ           #.......     98%         3    ####...
 Confuse                  Hex            #.......     98%         3    ####...
 Conjure Flame            Conj/Fire      #.......     98%         3    ####...
 Gell's Gravitas          Tloc           #.........   98%         3    ####...
 Mephitic Cloud           Conj/Pois/Air  #.......     98%         3    ####...
 Summon Guardian Golem    Hex/Summ       #.......     98%         3    ####...
 Petrify                  Tmut/Erth      #.......     100%        4    #####..
 Summon Ice Beast         Ice/Summ       #.......     100%        4    #####..
 Summon Lightning Spire   Summ/Air       #.......     100%        4    #####..
 Bolt of Magma            Conj/Fire/Erth #.........   100%        5    ######.
 Iskenderun's Battlesphe  Conj/Chrm      #.......     100%        5    ######.
 Metabolic Englaciation   Hex/Ice        #.........   100%        5    ######.
 Venom Bolt               Conj/Pois      #.........   100%        5    ######.
 Yara's Violent Unravell  Hex/Tmut       #.........   100%        5    ######.
 Iron Shot                Conj/Erth      #.........   100%        6    #######
 Orb of Destruction       Conj           #.........   100%        7    #######
 Spellforged Servitor     Conj/Summ      #.........   100%        7    #######


Dungeon Overview and Level Annotations

Branches:
Dungeon (13/15)            Temple (1/1) D:4            Lair (1/6) D:11
    Orc (0/2) D:12
 Vaults: D:13-14

Altars:
Dithmenos
Fedhas
Hepliaklqana
Makhleb
Okawaru
Qazlal
Sif Muna
Trog
Uskayaw
Vehumet
Wu Jian
Xom
Yredelemnul
The Shining One

Shops:
D:8 =


Innate Abilities, Weirdness & Mutations

You are partially covered in icy blue scales. (AC +2)
You are resistant to hostile enchantments. (MR+)


Message History

The minotaur picks up a jewelled broad axe.
The minotaur wields a jewelled broad axe.
You sense an unholy aura.
Found a glowing hand axe.
Found an escape hatch in the ceiling.
The minotaur hits you with a jewelled broad axe {drain}!!
You feel drained. The minotaur misses you.
The minotaur hits you with a jewelled broad axe {drain}!
You feel drained. You block the minotaur's attack.
The minotaur throws a javelin of penetration.
The javelin of penetration pierces through you.
You see here a javelin of penetration.
The minotaur throws a javelin of penetration.
The javelin of penetration pierces through you!
A demon appears!
The minotaur throws a javelin of penetration.
The javelin of penetration pierces through you!!
* * * LOW HITPOINT WARNING * * *
The minotaur throws a javelin of penetration.
The javelin of penetration pierces through you!!
You die...

### ..
###<#####
#.......#
### #H###
#(#.# #.#.#
# #.3.#
#@### # ##
#.# #.# #
#.# # #.# #
# ....# #.#
#
.#####.####
# # #. .
....#. ...
### ## ## #
##


You could see a minotaur and a friendly ynoxinul.

Vanquished Creatures
  A centaur warrior (D:13)
  2 two-headed ogres
  2 unseen horrors
  An ugly thing (D:11)
  A cyclops (D:12)
  2 manticores
  A black mamba (Lair:1)
  Psyche (D:9)
  A spiny frog (Lair:1)
  2 trolls
  Prince Ribbit (Lair:1)
  4 blink frogs (Lair:1)
  3 hippogriffs
  A shadow (Lab)
  A redback (Lab)
  28 yaks
  A wyvern (D:8)
  Eustachio (D:6)
  A vampire mosquito (D:13)
  3 hungry ghosts
  A human (D:8)
  2 porcupines (Lair:1)
  2 water moccasins
  2 orc warriors
  3 ice beasts
  4 sky beasts
  An eye of draining (D:12)
  A black bear (D:9)
  A necrophage (D:5)
  8 ogres
  3 phantoms
  A centaur (D:11)
  5 crocodiles
  6 bullfrogs
  A big kobold (D:8)
  A water moccasin zombie (D:3)
  5 scorpions
  15 killer bees
  A spriggan skeleton (Lab)
  A troll skeleton (Lab)
  4 wights (D:8)
  6 crimson imps
  3 bullfrog zombies
  A centaur zombie (D:11)
  2 jellies
  6 orc priests
  7 hounds
  Crazy Yiuf (D:2)
  3 bullfrog skeletons
  2 centaur skeletons
  Natasha (twice) (D:2)
  2 iguanas
  7 orc wizards
  6 worker ants
  A killer bee zombie (D:8)
  A hound skeleton (D:4)
  2 worker ant zombies (D:3)
  17 gnolls
  15 adders
  4 shadow imps
  An ooze (D:3)
  2 adder skeletons
  2 worms
  4 leopard geckos
  33 orcs
  A ball python (D:2)
  6 giant cockroaches
  12 goblins
  10 hobgoblins
  4 jackals (D:6)
  16 kobolds
  5 quokkas
  8 bats
  10 frilled lizards
  2 jackal skeletons
  2 leopard gecko skeletons
  2 leopard gecko zombies
  A quokka skeleton (D:3)
  9 rats
  A fungus (Lair:1)
  A plant (Lair:1)
346 creatures vanquished.

Notes
Turn   | Place    | Note
-------+----------+-------------------------------------------
     0 | D:1      | Gearfox the Hill Orc Fighter began the quest for the Orb.
     0 | D:1      | Reached XP level 1. HP: 19/19 MP: 1/1
    88 | D:1      | Reached skill level 3 in Axes
   177 | D:1      | Reached XP level 2. HP: 26/26 MP: 2/2
   339 | D:1      | Reached skill level 4 in Axes
   655 | D:1      | Reached XP level 3. HP: 31/31 MP: 3/3
  1034 | D:2      | Reached skill level 5 in Axes
  1505 | D:2      | Reached XP level 4. HP: 32/39 MP: 4/4
  1717 | D:2      | Found a runed door.
  1721 | D:2      | Noticed Crazy Yiuf
  1726 | D:2      | Killed Crazy Yiuf
  1726 | D:2      | Reached skill level 6 in Axes
  2147 | D:2      | Noticed Natasha
  2160 | D:2      | Killed Natasha
  2160 | D:2      | Reached XP level 5. HP: 23/45 MP: 5/5
  2592 | D:3      | Reached skill level 7 in Axes
  3031 | D:3      | Reached skill level 8 in Axes
  3031 | D:3      | Reached XP level 6. HP: 22/51 MP: 6/6
  3505 | D:2      | Noticed Natasha
  3520 | D:2      | Killed Natasha
  3636 | D:3      | Reached skill level 5 in Fighting
  3700 | D:3      | Found a glowing golden altar of the Shining One.
  3703 | D:3      | Found an ornate altar of the Wu Jian Council.
  4081 | D:4      | Got a bone long sword
  4084 | D:4      | Got an ichor-stained hand axe
  4120 | D:4      | Reached XP level 7. HP: 45/63 MP: 7/7
  4968 | D:4      | Found a staircase to the Ecumenical Temple.
  4978 | Temple   | Entered the Ecumenical Temple
  5053 | Temple   | Became a worshipper of Makhleb the Destroyer
  5336 | D:5      | Entered Level 5 of the Dungeon
  5422 | D:5      | Reached XP level 8. HP: 61/75 MP: 8/8
  5807 | D:5      | Identified the cursed +0 hand axe of Extremism {flame,
                  | *Contam Str+5 Int+5} (You found it on level 4 of the
                  | Dungeon)
  6334 | D:5      | Identified the cursed +3 long sword "Weni Ora" {speed,
                  | Fragile +Blink rElec rF- rC+++} (You found it on level 4 of
                  | the Dungeon)
  6383 | D:5      | Reached skill level 5 in Armour
  6931 | D:6      | Noticed Eustachio
  6938 | D:6      | Killed Eustachio
  7014 | D:6      | Reached skill level 5 in Shields
  7373 | D:6      | Reached XP level 9. HP: 45/82 MP: 9/9
  7840 | D:6      | Reached * piety under Makhleb
  8625 | D:7      | Reached skill level 1 in Invocations
  8932 | D:7      | Found a deep blue altar of Sif Muna.
  8995 | D:8      | Found Zydyasay's Jewellery Emporium.
  9020 | D:8      | Reached skill level 9 in Axes
  9300 | D:8      | Reached ** piety under Makhleb
  9432 | D:8      | Reached skill level 10 in Axes
  9517 | D:8      | Reached skill level 11 in Axes
  9517 | D:8      | Reached XP level 10. HP: 44/89 MP: 10/10
 10202 | D:9      | Gained mutation: You are partially covered in icy blue
                  | scales. (AC +2) [potion of mutation]
 10202 | D:9      | Gained mutation: You are resistant to hostile enchantments.
                  | (MR+) [potion of mutation]
 10268 | D:9      | Reached skill level 12 in Axes
 10912 | D:9      | Noticed Psyche
 10932 | D:9      | Killed Psyche
 10938 | D:9      | Got a bone war axe
 10994 | D:9      | Identified the cursed +1 war axe of Fragile Peace {venom,
                  | Int+4} (You found it on level 9 of the Dungeon)
 11017 | D:10     | Entered Level 10 of the Dungeon
 11373 | D:10     | Reached skill level 10 in Shields
 11927 | D:11     | Killed an unseen horror
 11927 | D:11     | Reached skill level 10 in Fighting
 11958 | D:11     | Noticed a two-headed ogre
 11978 | D:11     | Killed a two-headed ogre
 11978 | D:11     | Reached *** piety under Makhleb
 12073 | D:11     | Reached XP level 11. HP: 97/99 MP: 11/11
 12397 | D:11     | Found a staircase to the Lair.
 12492 | D:11     | Noticed a brown ugly thing
 12515 | D:11     | Killed a brown ugly thing
 12813 | Lair:1   | Entered Level 1 of the Lair of Beasts
 13312 | Lair:1   | Noticed Prince Ribbit
 13427 | Lair:1   | Killed Prince Ribbit
 13476 | Lair:1   | Reached skill level 13 in Axes
 13901 | Lair:1   | Reached skill level 14 in Axes
 14256 | Lair:1   | Reached skill level 15 in Axes
 14751 | D:12     | Noticed a cyclops
 14760 | D:12     | Reached XP level 12. HP: 106/106 MP: 12/12
 14776 | D:12     | Reached skill level 16 in Axes
 15233 | D:12     | Noticed a two-headed ogre
 15257 | D:12     | Killed a two-headed ogre
 15257 | D:12     | Reached skill level 5 in Invocations
 15294 | D:12     | Found a staircase to the Orcish Mines.
 15662 | D:12     | You fall through a shaft!
 15676 | D:13     | Noticed a centaur warrior
 15701 | D:13     | Killed a centaur warrior
 16181 | D:13     | Found a labyrinth entrance.
 16191 | Lab      | Entered a labyrinth
 16875 | Lab      | Reached **** piety under Makhleb
 17563 | Lab      | Noticed a minotaur
 17571 | Lab      | Hit by a javelin of penetration thrown by a minotaur

Skill      XL: |  1  2  3  4  5  6  7  8  9 10 11 12 |
---------------+-------------------------------------+-----
Axes           | 3 4 5 6 8 11 12 15 16 | 16.0
Fighting       | 6 8 10 12 | 12.0
Armour         | 6 |  6.0
Shields        | 6 9 11 12 | 12.0
Invocations    | 1 6 |  6.4
Long Blades    | |  0.4
Evocations     | |  0.4

Action                   |  1- 3 |  4- 6 |  7- 9 | 10-12 || total
-------------------------+-------+-------+-------+-------++-------
Melee: War axe           |   102 |   146 |    89 |   345 ||   682
       Hand axe          |       |       |   447 |   402 ||   849
Invok: Minor Destruction |       |       |     3 |     3 ||     6
       Lesser Servant of |       |       |       |     1 ||     1
Evoke: Wand              |       |       |     1 |     2 ||     3
  Use: Scroll            |     3 |     5 |    10 |    11 ||    29
       Potion            |       |       |     2 |     2 ||     4
  Eat: Chunk             |     2 |     8 |    14 |    19 ||    43
       Ration            |       |       |     1 |     3 ||     4
Armor: Scale mail        |    61 |    75 |   240 |   189 ||   565
Dodge: Dodged            |    85 |    94 |   194 |   148 ||   521
Block: Shield            |     1 |       |    63 |   477 ||   541
       Reflection        |       |       |       |     3 ||     3
